 Dungeon Crawl Stone Soup version 0.29.1-15-g9cfb28693d (webtiles) character file.

Game seed: 199694385918827239

200 GigaChad the Covered (level 5, 0/47 HPs)
             Began as a Minotaur Fighter on Mar 13, 2023.
             Was an Initiate of Gozag.
             Killed from afar by Blork the orc (14 damage)
             ... with a puff of frost
             ... on level 5 of the Dungeon.
             The game lasted 00:04:17 (2975 turns).

GigaChad the Covered (Minotaur Fighter)             Turns: 2975, Time: 00:04:18

Health: 0/47       AC: 11    Str: 23    XL:     5   Next: 48%
Magic:  4/4        EV:  7    Int:  5    God:    Gozag
Gold:   157        SH:  4    Dex:  9    Spells: 4/4 levels left

rFire   . . .      SeeInvis .   a - +1 war axe
rCold   . . .      Faith    .   c - +0 buckler
rNeg    . . .      Spirit   .   q - +1 chain mail
rPois   .          Reflect  .   m - +1 hat
rElec   .          Harm     .   (no cloak)
rCorr   .          Rampage  .   (no gloves)
Will    .....                   (no boots)
Stlth   ..........              (no amulet)
HPRegen 0.15/turn               (no ring)
MPRegen 0.09/turn               (no ring)

@: gold aura
A: horns 2, retaliatory headbutt
a: Renounce Religion, Potion Petition, Call Merchant, Bribe Branch


You were on level 5 of the Dungeon.
You worshipped Gozag.
Gozag was aware of your devotion.
You visited 2 branches of the dungeon, and saw 6 of its levels.

You collected 215 gold pieces.
You paid 58 gold pieces to Gozag.

Inventory:

Hand Weapons
 a - a +1 war axe (weapon)
Armour
 b - a +0 scale mail
 c - a +0 buckler (worn)
 m - a +1 hat (worn)
 o - the +1 scale mail of Autumn {rElec rF++ rCorr Slay-5}
   (You found it on level 3 of the Dungeon)

   Slay:      It affects your accuracy & damage with ranged weapons and melee
   (-5).
   rF:        It greatly protects you from fire.
   rElec:     It insulates you from electricity.
   rCorr:     It protects you from acid and corrosion.
 q - a +1 chain mail (worn)
Wands
 l - a wand of charming (9)
 s - a wand of mindburst (10)
Scrolls
 e - 2 scrolls of magic mapping
 f - a scroll of fear
 i - a scroll of summoning
 u - a scroll of teleportation
Potions
 d - 4 potions of might
 g - a potion of berserk rage {unknown}
 h - 2 potions of lignification {unknown}
 j - 2 potions of ambrosia {unknown}
 k - 2 potions of invisibility {unknown}
 n - a potion of magic {unknown}
 p - a potion of attraction {unknown}
 r - 2 potions of flight {unknown}
 t - a potion of degeneration {unknown}
 v - a potion of curing {unknown}


   Skills:
 + Level 4.3 Fighting
 + Level 4.8 Axes
 + Level 5.1 Armour
 + Level 0.6 Dodging
 + Level 0.1 Stealth
 + Level 4.2 Shields


You had 4 spell levels left.
You didn't know any spells.
Your spell library contained the following spells:

 Spells                   Type           Power      Damage    Failure   Level
 Confusing Touch          Hex            0%         N/A       100%        3
 Yara's Violent Unravell  Hex/Tmut       0%         3d3       100%        5
 Enfeeble                 Hex            0%         N/A       100%        7


Dungeon Overview and Level Annotations

Branches:
Dungeon (5/15)             Temple (1/1) D:4

Altars:
Ashenzari
Cheibriados
Dithmenos
Elyvilon
Fedhas
Gozag
Kikubaaqudgha
Makhleb
Nemelex Xobeh
Okawaru
Qazlal
Ru
Sif Muna
Trog
Uskayaw
Vehumet
Wu Jian
Xom
Yredelemnul
Zin
The Shining One

Annotations:
D:4 1 runed translucent door, BiteMe's ghost, amateur DsFE
D:5 Blork the orc


Innate Abilities, Weirdness & Mutations

You have a pair of horns on your head.
You reflexively headbutt those who attack you in melee.


Message History

The scorpion is heavily wounded.
The scorpion stings you but does no damage.
The scorpion closely misses you.
You hit the scorpion but do no damage. Your headbutt misses the scorpion.
The scorpion is heavily wounded.
You barely miss Blork the orc. Blork the orc hits you with a +0 mace!
The scorpion stings you but does no damage.
Blork the orc gestures at you while chanting.
The puff of flame hits you!
The scorpion stings you but does no damage.
You hit the scorpion but do no damage.
The scorpion is heavily wounded.
You slash Blork the orc! You block the scorpion's attack.
Blork the orc gestures wildly while chanting.
Blork the orc seems to speed up.
You hit the scorpion. Your headbutt misses the scorpion.
The scorpion is heavily wounded.
You hit Blork the orc but do no damage. You block Blork the orc's attack.
The scorpion stings you. Blork the orc barely misses you.
The scorpion stings you but does no damage.
You hit the scorpion. Your headbutt misses the scorpion.
The scorpion is almost dead.
You barely miss Blork the orc. Blork the orc barely misses you.
You block the scorpion's attack. Blork the orc casts a spell at you.
The magic dart hits you.
Unknown command.
You slash the scorpion!
You kill the scorpion!
You barely miss Blork the orc.
Blork the orc hits you with a +0 mace. x2
* * * LOW HITPOINT WARNING * * *
Your Armour skill increases to level 5!
Blork the orc barely misses you.
You see here 8 gold pieces.
You closely miss Blork the orc.
Blork the orc is moderately wounded.
Blork the orc points at you and mumbles some strange words.
The puff of frost hits you!
You die...
Your body crumbles into a pile of gold.

......# ##
................. .#
..........##.....#.#
..........##.# #...####
..........##.####.....#
..!.......#........##...
..........#.....##......
.......o.$#..⌠..########
..?....@.....|.....#
..........#.....##.#
###########........#
#.(...#..### #.......<#
#...#.....# #.#.###.###
.....# #... ...... #####


You could see Blork the orc (fast, empowered).

Vanquished Creatures
  A scorpion (D:5)
  A jelly (D:4)
  An iguana (D:4)
  2 adders
  A worm (D:3)
  2 dart slugs
  An orc (D:3)
  7 bats
  7 endoplasms
  3 giant cockroaches
  2 goblins
  3 hobgoblins
  7 jackals (D:1)
  5 kobolds
  3 quokkas
  9 ball pythons
  A frilled lizard (D:2)
  4 rats
60 creatures vanquished.

Vanquished Creatures (others)
  A plant (D:4)
  2 withered plants (D:4)
3 creatures vanquished.

Grand Total: 63 creatures vanquished

Notes
Turn   | Place    | Note
-------+----------+-------------------------------------------
     0 | D:1      | GigaChad the Minotaur Fighter began the quest for the Orb.
     0 | D:1      | Reached XP level 1. HP: 19/19 MP: 0/0
    58 | D:1      | Found a faded altar of an unknown god.
   302 | D:1      | Reached XP level 2. HP: 27/27 MP: 1/1
   913 | D:2      | Reached XP level 3. HP: 33/33 MP: 2/2
  1206 | D:2      | Reached skill level 4 in Armour
  1624 | D:3      | Identified the +1 scale mail of Autumn {rElec rF++ rCorr
                  | Slay-5}
  2046 | D:4      | Found an ornate altar of the Wu Jian Council.
  2124 | D:4      | Reached XP level 4. HP: 25/40 MP: 3/3
  2252 | D:4      | Found an ancient bone altar of Kikubaaqudgha.
  2319 | D:4      | Found a burning altar of Makhleb.
  2478 | D:4      | Found a runed translucent door.
  2478 | D:4      | Noticed BiteMe's ghost (amateur DsFE)
  2620 | D:4      | Found a staircase to the Ecumenical Temple.
  2635 | Temple   | Entered the Ecumenical Temple
  2725 | Temple   | Became a worshipper of Gozag Ym Sagoz the Greedy
  2917 | D:5      | Entered Level 5 of the Dungeon
  2924 | D:5      | Reached XP level 5. HP: 43/46 MP: 4/4
  2963 | D:5      | Noticed Blork the orc
  2974 | D:5      | Reached skill level 5 in Armour
  2975 | D:5      | Killed from afar by Blork the orc

Illustrated notes

Levels and vault maps discovered:
D:1:      minmay_arrival_checkered_box, layout_basic,
          hellmonk_ecumenical_altar_blasted
D:2:      layout_loops_ring
D:3:      layout_rooms
D:4:      layout_rooms, lemuel_round_altar, nicolae_wu_jian_wuxing_cycle,
          mainiacjoe_overflow_boulevard, minmay_temple_entry_poolview,
          gammafunk_ghost_grave
D:5:      layout_basic, solitary_fountain, uniq_blork_the_orc,
          uniq_prince_ribbit1
Temple:   nicolae_temple_bog_church

Skill      XL: |  1  2  3  4  5 |
---------------+----------------+-----
Shields        | 4 |  4.2
Fighting       | 4 |  4.3
Axes           | 3 4 |  4.8
Armour         | 4 5 |  5.1
Dodging        | |  0.6
Stealth        | |  0.1

Action                   |  1- 3 |  4- 6 || total
-------------------------+-------+-------++-------
Melee: War axe           |   109 |    34 ||   143
       Headbutt          |    13 |     3 ||    16
  Use: Scroll            |     8 |       ||     8
Armor: Scale mail        |    45 |       ||    45
       Chain mail        |    11 |    16 ||    27
Dodge: Dodged            |    59 |    10 ||    69
Block: Buckler           |    26 |    14 ||    40
